 Dungeon Crawl Stone Soup version 0.31.0-32-g396128a36d (webtiles) character file.

Game seed: 10467388132309355696

2726 elbjorno the Skirmisher (level 9, -7/80 HPs)
             Began as a Minotaur Hunter on Apr 4, 2024.
             Was a Follower of the Shining One.
             Mangled by a vampire (10 damage)
             ... on level 6 of the Dungeon.
             The game lasted 00:14:58 (6312 turns).

elbjorno the Skirmisher (Minotaur Hunter)           Turns: 6312, Time: 00:14:58

Health: -7/80      AC:  4    Str: 16    XL:     9   Next: 40%
Magic:  10/10      EV: 14    Int:  6    God:    the Shining One [*.....]
Gold:   398        SH:  5    Dex: 24    Spells: 8/8 levels left

rFire   . . .        a - +0 shortbow
rCold   + . .        (shield currently unavailable)
rNeg    . . .        e - +1 leather armour {rC+}
rPois   .            (helmet restricted)
rElec   .            (no cloak)
rCorr   .            (no gloves)
SInv    .            (no boots)
Will    .....        i - amulet of reflection
Stlth   +            n - +6 ring of dexterity
HPRegen 0.33/turn    (no ring)
MPRegen 0.12/turn

%: reflection
@: glowing
A: horns 2, retaliatory headbutt
a: Renounce Religion, Divine Shield


You were on level 6 of the Dungeon.
You worshipped the Shining One.
The Shining One was aware of your devotion.
You visited 2 branches of the dungeon, and saw 7 of its levels.

You collected 398 gold pieces.

Inventory:

Hand Weapons
 a - a +0 shortbow (weapon)
Armour
 e - a +1 leather armour of cold resistance (worn)
Jewellery
 i - an amulet of reflection (around neck)
 n - a +6 ring of dexterity (left hand)
Scrolls
 b - a scroll of butterflies
 d - a scroll of poison
 g - 2 scrolls of vulnerability
 h - 2 scrolls of silence {unknown}
 j - a scroll of fear {unknown}
 k - a scroll of amnesia {unknown}
 m - a scroll of fog
 q - 2 scrolls of immolation {unknown}
 r - a scroll of blinking {unknown}
 s - a scroll of torment {unknown}
 t - a scroll of summoning {unknown}
Potions
 c - 3 potions of degeneration {unknown}
 f - 3 potions of attraction
 l - a potion of magic {unknown}
 o - a potion of haste {unknown}
 p - 2 potions of brilliance {unknown}


   Skills:
 + Level 7.6 Fighting
 * Level 10.5 Ranged Weapons
 + Level 7.1 Armour
 + Level 3.5 Dodging
 - Level 0.7 Stealth
 - Level 3.1 Invocations


You had 8 spell levels left.
You didn't know any spells.
Your spell library contained the following spells:

 Spells                   Type           Power      Damage    Failure   Level
 Kiss of Death            Conj/Necr      0%         2d5       52%         1
 Confusing Touch          Hex            0%         N/A       87%         3
 Stone Arrow              Conj/Erth      0%         3d7       87%         3
 Animate Armour           Summ/Erth      0%         N/A       99%         4
 Dispel Undead            Necr           0%         3d6       99%         4
 Lehudib's Crystal Spear  Conj/Erth      0%         10d2      100%        8


Dungeon Overview and Level Annotations

Branches:
Dungeon (6/15)             Temple (1/1) D:4

Altars:
Ashenzari
Cheibriados
Elyvilon
Fedhas
Gozag
Hepliaklqana
Kikubaaqudgha
Makhleb
Nemelex Xobeh
Okawaru
Qazlal
Ru
Sif Muna
Uskayaw
Vehumet
Wu Jian
Xom
Yredelemnul
Zin
The Shining One

Shops:
D:6 (


Innate Abilities, Weirdness & Mutations

You have a pair of horns on your head.
You reflexively headbutt those who attack you in melee.


Message History

You shoot an arrow. The arrow hits the vampire.
The vampire is lightly damaged.
The vampire hits you.
* * * LOW HITPOINT WARNING * * *
You block the vampire's attack.
You shoot an arrow. The arrow hits the vampire.
The vampire is moderately damaged.
The vampire hits you!
* * * LOW HITPOINT WARNING * * *
The vampire bites you!
* * * LOW HITPOINT WARNING * * *
The vampire draws strength from your injuries!
You shoot an arrow.
The arrow hits the vampire but does no damage.
The vampire is moderately damaged.
The vampire hits you.
* * * LOW HITPOINT WARNING * * *
The vampire barely misses you.
You shoot an arrow.
The arrow hits the vampire but does no damage.
The vampire is moderately damaged.
The vampire hits you.
* * * LOW HITPOINT WARNING * * *
You block the vampire's attack.
You shoot an arrow. The arrow hits the vampire.
The vampire is moderately damaged.
You shoot an arrow.
The arrow hits the vampire but does no damage.
The vampire is moderately damaged.
You block the vampire's attack. The vampire misses you.
You shoot an arrow. The arrow barely misses the vampire.
The vampire gestures wildly while chanting.
The vampire flickers and vanishes for a moment.
You shoot an arrow.
The arrow hits the vampire but does no damage.
The vampire is moderately damaged.
The vampire hits you.
* * * LOW HITPOINT WARNING * * *
The vampire bites you!
You die...

################ #######
###....<.......... (....∩#
#...#######.......
......##########@####......######
................V#....######
......###########..#### ..<...#
#......####### ......#
###......#.....####### ......##
#....................##
.......###...............<.....##
....)).............>.....V......#
............................K...#


You could see a vampire (invisible).

Vanquished Creatures
  Pikel (D:6)
  A hornet (D:6)
  Grinder (D:6)
  Sigmund (D:2)
  Edmund (D:4)
  Menkaure (D:4)
  A black bear (D:6)
  3 ogres
  A centaur (D:5)
  2 lemures (D:6)
  A phantom (D:5)
  2 scorpions
  A crimson imp (D:5)
  2 jellies
  An orc priest (D:5)
  2 bombardier beetles
  A sleepcap (D:4)
  6 hounds
  Natasha (thrice) (D:2)
  5 iguanas
  2 orc wizards (D:5)
  3 gnolls (D:4)
  8 adders
  A white imp (D:5)
  2 ufetubi (D:6)
  2 ribbon worms
  2 dart slugs
  10 orcs
  6 endoplasms
  2 giant cockroaches
  10 goblins
  7 hobgoblins
  6 jackals (D:1)
  3 quokkas
  6 ball pythons
  3 bats (D:2)
  A frilled lizard (D:3)
  A goblin zombie (D:6)
  9 kobolds
  7 rats
128 creatures vanquished.

Notes
Turn   | Place    | Note
-------+----------+-------------------------------------------
     0 | D:1      | elbjorno the Minotaur Hunter began the quest for the Orb.
     0 | D:1      | Reached XP level 1. HP: 18/18 MP: 0/0
     2 | D:1      | Noticed a minotaur
     2 | D:1      | Noticed a tengu
     4 | D:1      | Noticed a vampire
     4 | D:1      | Noticed a formicid
     6 | D:1      | Noticed a human
     6 | D:1      | Noticed a draconian
     8 | D:1      | Noticed a ghoul
     8 | D:1      | Noticed an oni
    10 | D:1      | Noticed a barachi
    10 | D:1      | Noticed a demigod
    12 | D:1      | Noticed a merfolk
    12 | D:1      | Noticed a spriggan
    14 | D:1      | Noticed a djinni
    18 | D:1      | Noticed a felid
    20 | D:1      | Noticed an elf
    20 | D:1      | Noticed an armataur
    22 | D:1      | Noticed an octopode
    22 | D:1      | Noticed a demonspawn
    24 | D:1      | Noticed a gargoyle
    24 | D:1      | Noticed a naga
    26 | D:1      | Noticed a vine stalker
    26 | D:1      | Noticed a troll
    96 | D:1      | Found a faded altar of an unknown god.
   318 | D:1      | Reached XP level 2. HP: 25/25 MP: 1/1
   370 | D:1      | Reached skill level 1 in Armour
   502 | D:1      | Reached skill level 5 in Ranged Weapons
   502 | D:1      | Reached XP level 3. HP: 28/31 MP: 2/2
   631 | D:2      | Noticed Sigmund
   743 | D:2      | Noticed Natasha
   753 | D:2      | Killed Natasha
   754 | D:2      | Reached XP level 4. HP: 7/38 MP: 3/3
   756 | D:2      | Noticed Natasha
   768 | D:2      | Killed Natasha
  1154 | D:3      | Reached XP level 5. HP: 46/46 MP: 4/4
  1395 | D:3      | Reached skill level 6 in Ranged Weapons
  2106 | D:4      | Reached XP level 6. HP: 50/52 MP: 5/5
  2126 | D:4      | Found a staircase to the Ecumenical Temple.
  2128 | D:4      | Noticed Menkaure
  2134 | Temple   | Entered the Ecumenical Temple
  2208 | Temple   | Became a worshipper of the Shining One
  2444 | D:5      | Entered Level 5 of the Dungeon
  2823 | D:5      | Found a blossoming altar of Fedhas.
  2947 | D:5      | Reached skill level 7 in Ranged Weapons
  3365 | D:5      | Reached skill level 5 in Fighting
  3365 | D:5      | Reached XP level 7. HP: 61/61 MP: 6/6
  3667 | D:5      | Found a shimmering altar of Xom.
  3764 | D:5      | Reached skill level 8 in Ranged Weapons
  3803 | D:5      | Reached skill level 5 in Armour
  4057 | D:6      | Found Qyky's Weapon Emporium.
  4079 | D:6      | Reached * piety under the Shining One
  4128 | D:6      | Reached XP level 8. HP: 70/70 MP: 7/7
  4167 | D:6      | Noticed Grinder
  4187 | D:6      | Paralysed by Grinder for 4 turns
  4191 | D:6      | Killed Grinder
  4192 | D:6      | Reached skill level 1 in Invocations
  4390 | D:6      | Noticed a hornet
  4418 | D:6      | Noticed Pikel
  4418 | D:6      | Paralysed by a hornet for 1 turns
  4419 | D:6      | Killed a hornet
  4420 | D:6      | Reached skill level 9 in Ranged Weapons
  4936 | D:4      | Killed Menkaure
  5082 | D:4      | Found a radiant altar of Vehumet.
  5312 | D:4      | Noticed Edmund
  5348 | D:4      | Killed Edmund
  5349 | D:4      | Reached XP level 9. HP: 32/79 MP: 10/10
  5612 | D:2      | Killed Sigmund
  5613 | D:2      | Reached skill level 10 in Ranged Weapons
  5881 | D:2      | Noticed Natasha
  5884 | D:2      | Killed Natasha
  6281 | D:6      | Killed Pikel
  6307 | D:6      | HP: 3/80 [vampire (4)]
  6312 | D:6      | HP: 3/80 [vampire (1)]
  6312 | D:6      | Mangled by a vampire

Illustrated notes

Levels and vault maps discovered:
D:1:      kb_arrival_jail, layout_rooms, shapermc_ecumenical_altar_ellora,
          supply_closet_lemuel, minmay_heptomino_w4
D:2:      layout_basic, grunt_ministairs_4, minmay_close_crescents,
          uniq_sigmund, uniq_natasha
D:3:      layout_basic, columned_hall_lemuel
D:4:      layout_rooms, fiery_altar_vehumet, minmay_temple_entry_large_hall,
          dreamdust_gnoll_farm, uniq_edmund, uniq_menkaure
D:5:      layout_loops_corners, mainiacjoe_overflow_alcove_4,
          fedhas_bush_and_centaur_altar, minmay_fire_ice_demons
D:6:      kennysheep_big_flooded_room, layout_rooms, enter_ossuary_3,
          serial_shops, shop, uniq_pikel, uniq_grinder
Temple:   minmay_temple_bridge_d

Skill      XL: |  1  2  3  4  5  6  7  8  9 |
---------------+----------------------------+-----
Armour         | 1 2 3 4 5 6 7 |  7.1
Fighting       | 3 4 5 6 7 |  7.6
Ranged Weapons | 5 6 7 8 9 10 | 10.5
Invocations    | 3 |  3.1
Dodging        | 3 |  3.5
Stealth        | |  0.7

Action                     |  1- 3 |  4- 6 |  7- 9 || total
---------------------------+-------+-------+-------++-------
  Melee: Shortbow          |       |     1 |     2 ||     3
         Headbutt          |       |       |     2 ||     2
   Fire: Shortbow          |    85 |   178 |   307 ||   570
    Use: Potion            |     1 |     1 |     1 ||     3
         Scroll            |     1 |     5 |     1 ||     7
 Armour: Leather armour    |    19 |    47 |    87 ||   153
  Dodge: Dodged            |    19 |    48 |    79 ||   146
  Block: Other             |       |    13 |    29 ||    42
         Reflection        |       |     3 |       ||     3
